 Dungeon Crawl Stone Soup version 0.30-a0-870-gc5d4c5acee (webtiles) character file.

Game seed: 4432976436847245694

214144 pokeman the Archmage (level 18, -5/104 HPs)
             Began as a Deep Elf Hedge Wizard on Mar 11, 2023.
             Was the Champion of Vehumet.
             Killed from afar by a merfolk aquamancer (29 damage)
             ... with a torrent of water
             ... on level 4 of the Shoals.
             The game lasted 01:52:37 (41061 turns).

pokeman the Archmage (Deep Elf Hedge Wizard)       Turns: 41061, Time: 01:52:38

Health: -5/104     AC: 13    Str:  9    XL:     18   Next: 67%
Magic:  37/60      EV: 13    Int: 40    God:    Vehumet [******]
Gold:   4383       SH:  7    Dex: 23    Spells: 13/71 levels left

rFire   + . .      SeeInvis .    q - staff of fire
rCold   . . .      Faith    .    g - +0 buckler {AC+3}
rNeg    . . .      Spirit   .    t - +2 robe {Archmagi}
rPois   .          Reflect  .    a - +0 helmet {Int+3}
rElec   +          Rampage  .    s - +0 cloak {rCorr}
rCorr   +          Archmagi +    R - +2 pair of gloves
Will    +....                    (no boots)
Stlth   ++                       O - amulet of the Heavens {RegenMP Int+3 Dex+3 Stlth-}
HPRegen 0.37/turn                l - ring of magical power
MPRegen 0.77/turn                Q - ring "Kohar" {*Slow rElec Str+2 Int+6 Dex+6}

@: mesmerised, studying Staves
A: no striking features
a: Renounce Religion


You were on level 4 of the Shoals.
You worshipped Vehumet.
Vehumet was exalted by your worship.
You visited 6 branches of the dungeon, and saw 30 of its levels.
You also visited: Gauntlet and Ice Cave.

You collected 6028 gold pieces.
You spent 1645 gold pieces at shops.

Inventory:

Hand Weapons
 r - a +3 quick blade of electrocution
 J - the +8 eveningstar of Foatwas {drain, Fly rF- rC+++ rCorr}
   (You found it on level 15 of the Dungeon)

   rF:        It makes you vulnerable to fire.
   rC:        It renders you almost immune to cold.
   Fly:       It grants you flight.
   rCorr:     It protects you from acid and corrosion.
Missiles
 i - a curare-tipped dart
 F - 2 throwing nets
Armour
 a - a +0 helmet of intelligence (worn)
 g - a +0 buckler of protection (worn)
 s - a +0 cloak of preservation (worn)
 t - a +2 robe of the Archmagi (worn)
 R - a +2 pair of gloves (worn)
Magical Staves
 q - a staff of fire (weapon)
Jewellery
 k - an amulet of the acrobat
 l - a ring of magical power (left hand)
 u - an amulet of reflection
 x - the ring "Kiamu" {*Corrode rF++ rN++ Str+6}
   (You found it in a Gauntlet)

   [ring of strength]

   Str:       It affects your strength (+6).
   rF:        It greatly protects you from fire.
   rN:        It greatly protects you from negative energy.
   *Corrode:  It may corrode you when you take damage.
 y - the ring of the Pariah {rPois rF- Will++ Dex+2}
   (You found it in a Gauntlet)

   [ring of poison resistance]

   Dex:       It affects your dexterity (+2).
   rF:        It makes you vulnerable to fire.
   rPois:     It protects you from poison.
   Will:      It greatly increases your willpower.
 C - a ring of see invisible
 D - a ring of protection from fire
 L - an amulet of faith
 M - a ring of fire
 O - the amulet of the Heavens (around neck) {RegenMP Int+3 Dex+3 Stlth-}
   (You found it on level 3 of the Shoals)

   [amulet of magic regeneration]

   It increases your rate of magic regeneration.
   Int:       It affects your intelligence (+3).
   Dex:       It affects your dexterity (+3).
   Stlth:     It makes you less stealthy.
 Q - the ring "Kohar" (right hand) {*Slow rElec Str+2 Int+6 Dex+6}
   (You found it on level 4 of the Lair of Beasts)

   [ring of dexterity]

   Str:       It affects your strength (+2).
   Int:       It affects your intelligence (+6).
   Dex:       It affects your dexterity (+6).
   rElec:     It insulates you from electricity.
   *Slow:     It may slow you when you take damage.
Wands
 o - a wand of polymorph (27)
 p - a wand of paralysis (17)
 B - a wand of light (28)
 N - a wand of digging (21)
Scrolls
 c - 2 scrolls of fog
 h - 3 scrolls of enchant weapon
 n - 16 scrolls of teleportation
 G - a scroll of amnesia
 H - 3 scrolls of enchant armour
 K - 6 scrolls of blinking
 P - 4 scrolls of magic mapping
 S - a scroll of fear
 T - a scroll of brand weapon
Potions
 d - 5 potions of magic
 f - 5 potions of haste
 j - a potion of berserk rage
 m - 9 potions of curing
 v - 2 potions of mutation
 w - 6 potions of heal wounds
 z - 5 potions of resistance
 E - a potion of might
 I - a potion of brilliance
 U - a potion of ambrosia
Miscellaneous
 b - a piece from Xom's chessboard (15/15)
 e - a phantom mirror
 A - a phantom mirror
 V - a condenser vane
 Z - a phial of floods


   Skills:
 - Level 8.3 Fighting
 - Level 8.1 Armour
 - Level 3.0 Dodging
 - Level 3.0 Stealth
 + Level 6.5 Shields
 O Level 27 Spellcasting
 * Level 17.4 Conjurations
 - Level 1.1 Summonings
 - Level 4.0 Necromancy
 - Level 1.1 Translocations
 + Level 16.7 Fire Magic
 - Level 1.1 Ice Magic
 - Level 1.2 Air Magic
 - Level 1.0 Earth Magic
 - Level 1.3 Poison Magic
 - Level 1.1 Evocations


You had 13 spell levels left.
You knew the following spells:

 Your Spells              Type           Power      Damage    Failure   Level
a - Magic Dart            Conj           100%       1d8       0%          1
b - Mephitic Cloud        Conj/Pois/Air  100%       N/A       1%          3
c - Call Imp              Summ           76%        N/A       1%          2
d - Blink                 Tloc           100%       N/A       1%          2
e - Foxfire               Conj/Fire      100%       2x1d9     0%          1
f - Fireball              Conj/Fire      81%        3d30      0%          5
g - Starburst             Conj/Fire      81%        6d21      1%          6
h - Shock                 Conj/Air       100%       1d9       0%          1
i - Swiftness             Air            77%        N/A       1%          3
j - Hailstorm             Conj/Ice       100%       3d20      1%          3
k - Flame Wave            Conj/Fire      100%       2d21      0%          4
l - Freezing Cloud        Conj/Ice/Air   51%        6-21      1%          5
m - Orb of Destruction    Conj           69%        9d16      1%          7
n - Iron Shot             Conj/Erth      56%        9d11      1%          6
o - Fire Storm            Conj/Fire      81%        8d20      11%         9

Your spell library contained the following spells:

 Spells                   Type           Power      Damage    Failure   Level
 Shatter                  Erth           37%        3d30*     100%        9
 Kiss of Death            Conj/Necr      100%       2d13      0%          1
 Sticky Flame             Conj/Fire      100%       2d11      0%          4
 Freeze                   Ice            100%       1d10      1%          1
 Slow                     Hex            100%       N/A       1%          1
 Cigotuvi's Dreadful Rot  Necr/Pois/Air  100%       N/A       1%          2
 Ensorcelled Hibernation  Hex/Ice        100%       N/A       1%          2
 Lesser Beckoning         Tloc           100%       N/A       1%          2
 Passwall                 Tmut/Erth      60%        N/A       1%          2
 Poisonous Vapours        Pois/Air       100%       N/A       1%          2
 Confusing Touch          Hex            69%        N/A       1%          3
 Frozen Ramparts          Ice            100%       1d16      1%          3
 Gell's Gravitas          Tloc           76%        N/A       1%          3
 Ignite Poison            Fire/Tmut/Pois 100%       N/A       1%          3
 Inner Flame              Hex/Fire       100%       N/A       1%          3
 Ozocubu's Armour         Ice            76%        N/A       1%          3
 Portal Projectile        Hex/Tloc       100%       N/A       1%          3
 Spider Form              Tmut/Pois      73%        N/A       1%          3
 Summon Guardian Golem    Hex/Summ       73%        N/A       1%          3
 Teleport Other           Tloc           76%        N/A       1%          3
 Tukima's Dance           Hex            69%        N/A       1%          3
 Anguish                  Hex/Necr       40%        N/A       1%          4
 Animate Dead             Necr           91%        N/A       1%          4
 Dispel Undead            Necr           91%        3d29      1%          4
 Ignition                 Fire           81%        3d21      1%          8
 Animate Armour           Summ/Erth      100%       N/A       2%          4
 Summon Lightning Spire   Summ/Air       76%        N/A       2%          4
 Spellforged Servitor     Conj/Summ      56%        N/A       2%          7
 Metabolic Englaciation   Hex/Ice        36%        N/A       9%          5
 Blade Hands              Tmut           34%        N/A       11%         5
 Simulacrum               Ice/Necr       42%        N/A       22%         6
 Dispersal                Tloc           38%        N/A       36%         6
 Haunt                    Necr/Summ      42%        N/A       75%         7
 Storm Form               Tmut/Air       36%        N/A       95%         7
 Maxwell's Capacitive Co  Air            38%        ∞         97%         8
 Infestation              Necr           45%        N/A       99%         8


Dungeon Overview and Level Annotations

Branches:
Dungeon (15/15)            Temple (1/1) D:5            Lair (5/5) D:8
 Shoals (4/4) Lair:3        Snake (0/4) Lair:3        Slime (0/5) Lair:4
    Orc (2/2) D:12            Elf (3/3) Orc:2        Vaults (0/5) D:13
 Depths (0/4) D:15          IceCv (visited)         Gauntlet (visited)

Altars:
Ashenzari
Cheibriados
Elyvilon
Fedhas
Gozag
Kikubaaqudgha
Makhleb
Nemelex Xobeh
Okawaru
Qazlal
Ru
Trog
Vehumet
Wu Jian
Xom
Yredelemnul
Zin
The Shining One
Jiyva
Lugonu

Shops:
D:3 ==   D:4 [   D:6 (   D:15 ?   Orc:1 *   Orc:2 [[(?   Elf:3 :   Shoals:3 *
Shoals:4 [

Portals:
Abyss: Shoals:4
Trove: Elf:1 (give 8 scrolls of fog)

Annotations:
D:6 Scroll behind rock
Elf:1 3 runed translucent doors, monoptic's ghost, adept MiFi
Abyss:1 Maggie


Message History

Confirm with . or Enter, or press ? or * to list all spells.
Casting: Starburst (safe; 1% risk of failure)
Press: ? - help, Dir - look around, f - activate You feel a strong surge of power!
The bolt of fire misses the merfolk aquamancer.
The bolt of fire hits the wind drake!!
You kill the wind drake!
Vehumet accepts your kill.
You feel your power returning.
The bolt of fire hits the merfolk javelineer!!!
You kill the merfolk javelineer!
Vehumet accepts your kill.
You feel your power returning.
You hear a sizzling sound!
The plant is engulfed in a cloud of scalding steam.
The merfolk aquamancer is engulfed in a cloud of scalding steam.
The merfolk aquamancer casts a spell at you.
The torrent of water misses you.
The wave splashes down.
The merfolk siren chants its luring song.
The merfolk javelineer is engulfed in freezing vapours.
The merfolk javelineer hits you from afar with a +0 spear!
* * * LOW HITPOINT WARNING * * *
Unknown command.
Casting: Starburst (safe; 1% risk of failure)
Confirm with . or Enter, or press ? or * to list all spells.
Casting: Starburst (safe; 1% risk of failure)
Press: ? - help, Dir - look around, f - activate You feel a strong surge of power!
The bolt of fire misses the merfolk aquamancer.
The bolt of fire hits the merfolk javelineer!!!
You kill the merfolk javelineer!
Vehumet accepts your kill.
You feel your power returning.
You hear a sizzling sound!
The plant is engulfed in a cloud of scalding steam. x2
A nearby plant withers and dies.
The merfolk aquamancer is engulfed in a cloud of scalding steam.
The merfolk aquamancer casts a spell at you.
The torrent of water hits you!!
You die...

≈#~~#...~~~~~~~~~~......#....#...
#≈≈##..~~~~~~~)~.........#~##.§##
~≈##~~~~~≈≈~~~..........###..∩#.#
~##~~~~≈≈≈≈≈~............##.§###.
##~~~~~≈≈≈≈≈~......∩.~~~~~~...~~~
~~~~~.~≈≈≈≈~~~..~~..~~~~≈≈≈~~~~~~
~~~~~~~~≈≈#####.§~.§P~≈≈≈≈≈≈≈~~~~
~~≈~~~~~~## ##§§§§§≈≈≈≈≈≈≈≈≈≈≈≈
~~≈≈~~~~~# #@.§§§≈≈≈≈≈≈≈≈≈≈≈≈
~~≈≈≈≈~~~#..mmm)..P§§≈≈≈≈≈≈≈≈≈≈≈≈
~~≈≈≈≈≈≈~#..§§)#.P§~≈≈≈≈≈≈≈≈≈≈≈≈≈
~≈≈≈≈≈≈≈≈##.§.##.PP§≈≈≈≈≈≈≈
~≈≈≈≈≈≈≈≈ ##m# ~m≈≈≈≈≈≈≈≈ ≈≈~
~§≈≈≈≈≈≈≈≈ ≈≈≈ ≈≈≈≈≈≈≈≈≈≈≈ ≈≈
≈§≈≈≈≈≈≈≈≈


You could see a merfolk impaler, 2 merfolk javelineers, a merfolk aquamancer and
a merfolk siren (mesmerising).

Vanquished Creatures
  Jorgrun (Elf:2)
  A deep elf blademaster (Elf:2)
  Agnes (D:14)
  Ilsuiw (Shoals:2)
  A frost giant (IceCv)
  A deep elf sorcerer (Elf:1)
  The ghost of browni3141 the Stormcaller, an adept VSAE of Ashenzari (Shoals:1)
  Louise (Elf:2)
  An orc warlord (Orc:2)
  A deep elf demonologist (Elf:2)
  Azrael (Elf:2)
  A bunyip (shapeshifter) (Elf:1)
  A minotaur (Gauntlet)
  Snorg (D:12)
  11 merfolk javelineers
  A blizzard demon (Gauntlet)
  2 deep elf death magi
  7 merfolk impalers
  Josephine (D:13)
  A fire dragon (D:15)
  4 vault guards (D:13)
  An ice dragon (shapeshifter) (D:10)
  5 hydras
  An ice dragon (D:15)
  5 centaur warriors
  4 merfolk avatars
  Erica (Orc:1)
  2 catoblepae
  6 boulder beetles
  5 death yaks (IceCv)
  2 ogre magi
  8 two-headed ogres
  38 dancing weapons
  4 alligator snapping turtles
  7 merfolk aquamancers (Shoals:4)
  A tengu warrior (D:13)
  An orc high priest (Orc:2)
  The ghost of Juicyj the Destroyer, a novice DrCj of Ashenzari (D:8)
  Urug (Lair:5)
  21 deep elf knights
  5 skysharks
  11 spriggans (Lair:5)
  A fire crab (Shoals:1)
  11 sea snakes
  2 wizards
  5 orc knights
  3 lindwurms (Lair:4)
  12 harpies (Shoals:4)
  2 wolf spider zombies (D:11)
  26 deep elf pyromancers
  3 orc sorcerers
  8 deep elf archers
  28 deep elf zephyrmancers
  An oklob plant (Lair:2)
  A wolf spider (Lair:4)
  10 fauns
  9 cyclopes
  11 manticores
  A salamander (Lair:3)
  9 ugly things
  9 merfolk sirens
  21 elephants
  An ice statue (IceCv)
  A centaur skeleton (D:11)
  2 centaur zombies (D:11)
  Maurice (D:13)
  4 molten gargoyles (D:11)
  6 water nymphs
  2 torpor snails
  A smoke demon (Gauntlet)
  4 gargoyles
  Joseph (D:7)
  3 black mambas
  10 rime drakes
  12 cane toads
  8 komodo dragons
  2 yaktaurs (shapeshifter)
  An unseen horror (D:11)
  A freezing wraith (D:15)
  A redback zombie (D:11)
  3 ice devils
  A tengu conjurer (D:13)
  2 kobold demonologists
  6 trolls
  22 merfolk
  2 hellwings (D:11)
  8 hornets
  5 wind drakes
  Grinder (D:5)
  11 polar bears
  7 snapping turtles
  A wolf spider simulacrum (D:15)
  13 blink frogs
  13 dream sheep
  2 centaur simulacra
  Sigmund (D:6)
  3 jumping spiders (Lair:4)
  5 shadows
  16 slime creatures
  14 water elementals
  4 wraiths
  6 air elementals
  8 basilisks
  11 wyverns
  3 fire bats (Shoals:1)
  35 yaks
  5 fire elementals
  A steam dragon (D:7)
  A redback (Lair:4)
  8 vampire mosquitoes
  6 wargs
  15 water moccasins
  Duvessa (D:7)
  3 acid dragons
  2 hell hounds (Elf:2)
  A sky beast (D:7)
  44 orc warriors
  8 black bears
  5 boggarts (Lair:5)
  7 ogres
  59 wolves
  5 centaurs
  2 phantoms
  6 kobold brigands (D:12)
  An earth elemental (Elf:2)
  3 bullfrogs
  2 scorpions (D:6)
  3 gnoll sergeants
  12 wights (D:8)
  Dowan (D:7)
  22 killer bees
  2 electric eels
  3 howler monkeys (D:10)
  2 crimson imps (Gauntlet)
  6 lava snakes
  5 hounds
  3 gnoll boudas
  A jelly (Lair:4)
  22 orc priests
  Jessica (D:2)
  3 iguanas
  33 orc wizards
  10 hell rats
  A boggart zombie (D:11)
  19 gnolls
  14 adders
  5 shadow imps (D:11)
  3 white imps
  An ufetubus (D:6)
  A worm (D:2)
  A dart slug (D:1)
  87 orcs
  6 ball pythons
  A bat (D:2)
  10 endoplasms
  4 giant cockroaches
  7 goblins
  6 hobgoblins
  4 jackals (D:3)
  8 kobolds
  3 quokkas
  5 frilled lizards
  3 rats
  2 bushes (D:14)
  A lurking horror (Shoals:4)
1114 creatures vanquished.

Vanquished Creatures (collateral kills)
  Edmund (D:7)
  A black bear (D:8)
  A wight (D:8)
  An iguana (D:5)
  An adder (D:6)
  3 orcs (D:7)
8 creatures vanquished.

Vanquished Creatures (others)
  288 foxfires
  31 fungi
  A lurking horror (Shoals:4)
  73 plants
  4 toadstools (D:7)
  9 withered plants (D:11)
406 creatures vanquished.

Grand Total: 1528 creatures vanquished

Notes
Turn   | Place    | Note
-------+----------+-------------------------------------------
     0 | D:1      | pokeman the Deep Elf Hedge Wizard began the quest for the
                  | Orb.
     0 | D:1      | Reached XP level 1. HP: 10/10 MP: 7/7
   306 | D:1      | Reached XP level 2. HP: 15/15 MP: 5/9
  1150 | D:2      | Reached skill level 5 in Spellcasting
  1255 | D:2      | Reached XP level 3. HP: 16/20 MP: 9/11
  1259 | D:2      | Learned a level 3 spell: Mephitic Cloud
  1262 | D:2      | Learned a level 2 spell: Call Imp
  1265 | D:2      | Learned a level 2 spell: Blink
  1418 | D:2      | Found a burning altar of Makhleb.
  1590 | D:2      | Reached skill level 1 in Fighting
  1590 | D:2      | Reached skill level 1 in Armour
  1985 | D:2      | Noticed Jessica
  1993 | D:2      | Killed Jessica
  1994 | D:2      | Reached XP level 4. HP: 25/25 MP: 13/13
  2207 | D:3      | Found a shimmering altar of Xom.
  2271 | D:3      | Found Usius's Jewellery Boutique.
  2550 | D:3      | Found an opulent altar of Gozag.
  2550 | D:3      | Found a white marble altar of Elyvilon.
  2642 | D:3      | Reached skill level 6 in Spellcasting
  2707 | D:3      | Reached XP level 5. HP: 29/29 MP: 15/15
  2860 | D:3      | Found Joemahen's Jewellery Shoppe.
  3104 | D:4      | Found Piczonaff's Antique Armour Shoppe.
  3109 | D:4      | Noticed a black bear
  3118 | D:4      | Killed a black bear
  3119 | D:4      | Reached skill level 1 in Fire Magic
  3119 | D:4      | Reached skill level 1 in Evocations
  3564 | D:4      | You fall into a shaft and drop 3 floors!
  3583 | D:7      | Noticed a steam dragon
  3710 | D:7      | Reached XP level 6. HP: 34/34 MP: 17/17
  3759 | D:7      | Noticed an orc warrior
  3776 | D:7      | Noticed Joseph
  3778 | D:7      | Killed an orc warrior
  3779 | D:7      | Reached skill level 7 in Spellcasting
  3779 | D:7      | Reached skill level 1 in Air Magic
  3779 | D:7      | Reached skill level 1 in Poison Magic
  3807 | D:7      | Killed Joseph
  3808 | D:7      | Reached skill level 8 in Spellcasting
  3808 | D:7      | Reached XP level 7. HP: 18/39 MP: 12/20
  4021 | D:7      | Noticed Duvessa
  4040 | D:7      | Killed Duvessa
  4040 | D:7      | Noticed Dowan
  4067 | D:7      | Killed Dowan
  4119 | D:7      | Reached XP level 8. HP: 44/44 MP: 20/22
  4202 | D:6      | Noticed Edmund
  4330 | D:7      | Killed Edmund
  4331 | D:7      | Reached skill level 9 in Spellcasting
  4463 | D:6      | Noticed Sigmund
  4528 | D:6      | Killed Sigmund
  4529 | D:6      | Reached skill level 5 in Conjurations
  4649 | D:5      | Entered Level 5 of the Dungeon
  4778 | D:4      | Reached skill level 10 in Spellcasting
  5471 | D:5      | Noticed Grinder
  5505 | D:5      | Paralysed by Grinder for 3 turns
  5512 | D:5      | Killed Grinder
  5610 | D:5      | Found a sacrificial altar of Ru.
  5715 | D:5      | Found a staircase to the Ecumenical Temple.
  5728 | Temple   | Entered the Ecumenical Temple
  5781 | Temple   | Became a worshipper of Vehumet
  5900 | D:5      | Reached XP level 9. HP: 48/48 MP: 24/25
  6238 | D:6      | Reached skill level 11 in Spellcasting
  6242 | D:6      | Reached skill level 5 in Fire Magic
  6598 | D:6      | Found a stormy altar of Qazlal.
  6598 | D:6      | Found a basalt altar of Yredelemnul.
  6600 | D:6      | Found a snail-covered altar of Cheibriados.
  6797 | D:6      | Reached * piety under Vehumet
  6797 | D:6      | Offered knowledge of Shock by Vehumet.
  6801 | D:6      | Learned a level 1 spell: Shock
  6870 | D:6      | Found Voxkaq's Weapon Emporium.
  7217 | D:6      | Reached skill level 12 in Spellcasting
  7413 | D:7      | Noticed Maggie
  7443 | D:7      | Banished Maggie
  8188 | D:7      | Reached XP level 10. HP: 56/56 MP: 28/28
  8384 | D:6      | Bought a +4 demon whip of venom for 560 gold pieces
  8441 | D:8      | Offered knowledge of Foxfire by Vehumet.
  8444 | D:8      | Learned a level 1 spell: Foxfire
  8541 | D:8      | Reached ** piety under Vehumet
  8636 | D:8      | Found a runed translucent door.
  8636 | D:8      | Noticed Juicyj's ghost (novice DrCj)
  8825 | D:8      | Reached skill level 13 in Spellcasting
  9147 | D:8      | Found a staircase to the Lair.
  9148 | D:8      | Noticed an elephant
  9566 | D:8      | Killed an elephant
  9922 | D:9      | Offered knowledge of Ignite Poison by Vehumet.
 10100 | D:9      | Found a sparkling altar of Nemelex Xobeh.
 10449 | D:9      | Learned a level 4 spell: Flame Wave
 10543 | D:9      | Reached *** piety under Vehumet
 10544 | D:9      | Reached skill level 14 in Spellcasting
 10860 | D:10     | Entered Level 10 of the Dungeon
 10875 | D:10     | Noticed a two-headed ogre
 10888 | D:10     | Killed a two-headed ogre
 10889 | D:10     | Reached XP level 11. HP: 59/61 MP: 26/31
 10906 | D:10     | Offered knowledge of Kindle Blastsparks by Vehumet.
 10914 | D:10     | Noticed a green ugly thing
 10915 | D:10     | Reached skill level 15 in Spellcasting
 10921 | D:10     | Killed a green ugly thing
 11237 | D:10     | Noticed a two-headed ogre
 11254 | D:10     | HP: 1/61 [two-headed ogre/+0 giant club (27)]
 11257 | D:10     | Killed a two-headed ogre
 11258 | D:10     | Reached skill level 5 in Armour
 11593 | D:10     | Noticed a centaur warrior
 11602 | D:10     | Noticed an ogre mage
 11603 | D:10     | Killed a centaur warrior
 11612 | D:10     | Killed an ogre mage
 11612 | D:10     | Reached **** piety under Vehumet
 11612 | D:10     | Noticed a centaur warrior
 11613 | D:10     | Reached skill level 16 in Spellcasting
 11622 | D:10     | Killed a centaur warrior
 11626 | D:10     | Noticed a two-headed ogre
 11635 | D:10     | Killed a two-headed ogre
 11799 | D:10     | Offered knowledge of Fireball by Vehumet.
 11806 | D:10     | Learned a level 5 spell: Fireball
 11897 | D:10     | Noticed an ice dragon
 11900 | D:10     | Killed an ice dragon
 11901 | D:10     | Reached XP level 12. HP: 68/68 MP: 34/34
 12743 | D:11     | Reached skill level 5 in Fighting
 12748 | D:11     | Reached skill level 10 in Conjurations
 12887 | D:11     | Reached skill level 17 in Spellcasting
 13143 | D:11     | Learned a level 3 spell: Swiftness
 13511 | D:10     | Learned a level 3 spell: Hailstorm
 13844 | D:11     | Reached skill level 1 in Ice Magic
 14245 | D:12     | Reached skill level 10 in Fire Magic
 14253 | D:12     | Noticed Snorg
 14255 | D:12     | Noticed a boulder beetle
 14438 | D:12     | Reached skill level 18 in Spellcasting
 14536 | D:12     | Killed a boulder beetle
 14656 | D:12     | Killed Snorg
 14930 | D:12     | Found a staircase to the Orcish Mines.
 15061 | D:12     | Reached ***** piety under Vehumet
 15061 | D:12     | Offered knowledge of Yara's Violent Unravelling by Vehumet.
 15072 | D:12     | Reached XP level 13. HP: 17/74 MP: 25/37
 16039 | D:13     | Noticed Maurice
 16041 | D:13     | Killed Maurice
 16399 | D:13     | Noticed Josephine
 16406 | D:13     | Killed Josephine
 16407 | D:13     | Reached skill level 19 in Spellcasting
 17004 | D:13     | Found a gate to the Vaults.
 17676 | D:14     | Learned a level 6 spell: Starburst
 17732 | D:14     | Found a blossoming altar of Fedhas.
 17757 | D:14     | Reached skill level 20 in Spellcasting
 17969 | D:14     | Noticed Agnes
 17973 | D:14     | Killed Agnes
 17974 | D:14     | Reached XP level 14. HP: 80/80 MP: 33/40
 18336 | D:15     | Entered Level 15 of the Dungeon
 18484 | D:15     | Identified the +4 shortbow of Accidental Termination
                  | {freeze, rN+}
 18545 | D:15     | Found a staircase to the Depths.
 18753 | D:15     | Identified the +8 eveningstar of Foatwas {drain, Fly rF-
                  | rC+++ rCorr}
 18852 | D:15     | Found The Oracle's Delphic Readings.
 18859 | D:15     | Bought a scroll of blinking for 90 gold pieces
 18947 | D:15     | Offered knowledge of Spellforged Servitor by Vehumet.
 19706 | Lair:1   | Entered Level 1 of the Lair of Beasts
 19761 | D:8      | Killed Juicyj's ghost
 19864 | Lair:1   | Found a bloodstained altar of Trog.
 20512 | Lair:2   | Identified the +1 scale mail of the First Snow {rC+ Str+3}
 20542 | Lair:2   | Reached skill level 21 in Spellcasting
 20576 | Lair:2   | Found a gate leading to a gauntlet.
 20585 | Gauntlet | Entered a Gauntlet
 20585 | Gauntlet | Found a transporter.
 20594 | Gauntlet | Found a transporter.
 20596 | Gauntlet | Found a transporter.
 20598 | Gauntlet | Found a transporter.
 20611 | Gauntlet | Found a transporter.
 20627 | Gauntlet | Found a transporter.
 20635 | Gauntlet | Found a transporter.
 20652 | Gauntlet | Found a transporter.
 20669 | Gauntlet | Found a transporter.
 20699 | Gauntlet | Found a transporter.
 20729 | Gauntlet | Found a transporter.
 20737 | Gauntlet | Found a transporter.
 20756 | Gauntlet | Noticed a cacodemon
 20760 | Gauntlet | Found a transporter.
 20769 | Gauntlet | Found a transporter.
 20771 | Gauntlet | Found a transporter.
 20791 | Gauntlet | Found a transporter.
 20799 | Gauntlet | Found a transporter.
 20841 | Gauntlet | Found a transporter.
 20985 | Gauntlet | Identified the ring "Kiamu" {*Corrode rF++ rN++ Str+6}
 21037 | Gauntlet | Identified the ring of the Pariah {rPois rF- Will++ Dex+2}
 21757 | Lair:2   | Found the +1 robe of Vines {NoPotionHeal Regen++++}
 22611 | Lair:3   | Identified the +7 ring mail of Cony {Str+2}
 22784 | Lair:3   | Identified a scroll of acquirement
 23118 | Lair:3   | Found a staircase to the Snake Pit.
 23127 | Lair:3   | Reached XP level 15. HP: 37/86 MP: 39/42
 23444 | Lair:3   | Found a staircase to the Shoals.
 23730 | Lair:4   | Found a frozen archway.
 23732 | Lair:4   | Offered knowledge of Conjure Ball Lightning by Vehumet.
 23786 | Lair:4   | Acquired 768 gold pieces
 23790 | IceCv    | Entered an ice cave
 23830 | IceCv    | Reached skill level 22 in Spellcasting
 24217 | IceCv    | Noticed a frost giant
 24219 | IceCv    | Killed a frost giant
 24777 | Lair:4   | Found a staircase to the Slime Pits.
 25233 | Lair:4   | Found a runed translucent door.
 25871 | Lair:4   | Found a runed translucent gate.
 25873 | Lair:4   | Found a runed translucent gate.
 25874 | Lair:4   | Found a runed translucent gate.
 25874 | Lair:4   | Found a runed translucent gate.
 25874 | Lair:4   | Found a runed translucent gate.
 25874 | Lair:4   | Identified the +7 whip of Sloth {freeze, rF+ Will+ SInv}
 25876 | Lair:4   | Found a runed translucent gate.
 25902 | Lair:4   | Offered knowledge of Freezing Cloud by Vehumet.
 25909 | Lair:4   | Learned a level 5 spell: Freezing Cloud
 26331 | Lair:4   | Identified the ring "Kohar" {*Slow rElec Str+2 Int+6 Dex+6}
 26361 | Lair:5   | Entered Level 5 of the Lair of Beasts
 26390 | Lair:5   | Noticed Urug
 26392 | Lair:5   | Killed Urug
 26395 | Lair:5   | Reached skill level 23 in Spellcasting
 26779 | Lair:5   | Learned a level 7 spell: Orb of Destruction
 27116 | Lair:5   | Identified the amulet of Jidy {Faith Harm Int+5}
 27118 | Lair:5   | Acquired 616 gold pieces
 27228 | Lair:5   | Reached skill level 1 in Shields
 27228 | Lair:5   | Offered knowledge of Iron Shot by Vehumet.
 27407 | Lair:5   | Learned a level 6 spell: Iron Shot
 27483 | Lair:5   | Reached XP level 16. HP: 94/94 MP: 43/45
 28191 | D:8      | Reached skill level 1 in Earth Magic
 28504 | Orc:1    | Entered Level 1 of the Orcish Mines
 28685 | Orc:1    | Found Xatz's CLEARANCE SALE!.
 28836 | Orc:2    | Entered Level 2 of the Orcish Mines
 29468 | Orc:2    | Found a staircase to the Elven Halls.
 29518 | Orc:2    | Found Pummatuf's Antique Armour Boutique.
 29695 | Orc:2    | Found Diudweyw's Magic Scroll Emporium.
 29700 | Orc:2    | Bought a scroll of teleportation for 42 gold pieces
 29700 | Orc:2    | Bought a scroll of magic mapping for 105 gold pieces
 29700 | Orc:2    | Bought a scroll of blinking for 105 gold pieces
 29700 | Orc:2    | Bought a scroll of blinking for 105 gold pieces
 29853 | Orc:2    | Offered knowledge of Arcjolt by Vehumet.
 29871 | Orc:2    | Reached ****** piety under Vehumet
 30070 | Orc:2    | Found Bequed's Antique Weapon Boutique.
 30073 | Orc:2    | Found Jugoh's Antique Armour Shop.
 30088 | Orc:2    | Bought a runed helmet for 247 gold pieces
 30088 | Orc:2    | Bought a runed buckler for 247 gold pieces
 30381 | Orc:1    | Noticed Erica
 30387 | Orc:1    | Killed Erica
 30696 | Elf:1    | Entered Level 1 of the Elven Halls
 30702 | Elf:1    | Reached skill level 24 in Spellcasting
 30995 | Elf:1    | Found a runed translucent gate.
 30995 | Elf:1    | Found a runed translucent gate.
 30995 | Elf:1    | Found a runed translucent gate.
 30995 | Elf:1    | Noticed an acid blob
 30996 | Elf:1    | Noticed monoptic's ghost (adept MiFi)
 31147 | Elf:1    | Reached skill level 15 in Conjurations
 31150 | Elf:1    | Offered knowledge of Eringya's Noxious Bog by Vehumet.
 31328 | Elf:1    | Found a portal to a secret trove of treasure.
 31570 | Elf:1    | HP: 2/94 [+1 dire flail of protection (28)]
 32030 | Elf:1    | Reached skill level 1 in Necromancy
 32364 | Elf:1    | Found a viscous altar of Jiyva.
 32675 | Elf:2    | Noticed Azrael
 32679 | Elf:2    | Killed Azrael
 32680 | Elf:2    | Reached skill level 15 in Fire Magic
 32772 | Elf:2    | Reached XP level 17. HP: 98/98 MP: 43/47
 32777 | Elf:2    | Reached skill level 25 in Spellcasting
 33160 | Elf:2    | Noticed Jorgrun
 33163 | Elf:2    | Killed Jorgrun
 33318 | Elf:2    | Reached skill level 5 in Shields
 33549 | Elf:2    | Found a runed translucent gate.
 33550 | Elf:2    | Found a runed translucent gate.
 33550 | Elf:2    | Found a runed translucent gate.
 33696 | Elf:2    | Noticed a deep elf blademaster
 33705 | Elf:2    | Killed a deep elf blademaster
 33724 | Elf:2    | Noticed Louise
 34683 | Elf:2    | Killed Louise
 34749 | Elf:3    | Entered Level 3 of the Elven Halls
 34845 | Elf:3    | Found Beb Vacs's Book Shoppe.
 34947 | Elf:3    | Offered knowledge of Fire Storm by Vehumet.
 34947 | Elf:3    | Offered knowledge of Shatter by Vehumet.
 34947 | Elf:3    | Offered knowledge of Ignition by Vehumet.
 34967 | Elf:3    | Learned a level 9 spell: Fire Storm
 35892 | Shoals:1 | Entered Level 1 of the Shoals
 36015 | Shoals:1 | Reached skill level 26 in Spellcasting
 36025 | Shoals:1 | Noticed browni3141's ghost (adept VSAE)
 36401 | Shoals:1 | Found a runed translucent door.
 36566 | Shoals:1 | Acquired 850 gold pieces
 37028 | Shoals:1 | Killed browni3141's ghost
 37720 | Shoals:2 | Reached XP level 18. HP: 104/104 MP: 49/50
 37790 | Shoals:2 | Noticed Ilsuiw
 37796 | Shoals:2 | Killed Ilsuiw
 38922 | Shoals:3 | Found Vuaplig's Assorted Antiques.
 39130 | Shoals:3 | Bought a scroll of fog for 144 gold pieces
 39231 | Shoals:3 | Identified the amulet of the Heavens {RegenMP Int+3 Dex+3
                  | Stlth-}
 39878 | Shoals:4 | Entered Level 4 of the Shoals
 40308 | Shoals:4 | Found Desmehui's Antique Armour Shop.
 40321 | Shoals:4 | Found a corrupted altar of Lugonu.
 40334 | Shoals:4 | Found a one-way gate to the infinite horrors of the Abyss.
 40346 | Shoals:4 | Reached skill level 27 in Spellcasting
 41007 | Shoals:4 | Identified the +3 ring mail of Pantheism {Harm rN+ Stlth+}
 41061 | Shoals:4 | Killed from afar by a merfolk aquamancer

Illustrated notes

Levels and vault maps discovered:
D:1:      minmay_arrival_diagonal_passages, layout_basic
D:2:      layout_basic, basic_altar, uniq_jessica
D:3:      layout_loops_ring, xom_butterflies, jmf_multi_god_temple,
          serial_shops, shop, nicolae_shop_waterfront
D:4:      layout_basic, serial_shops, nicolae_shop_trees,
          chequers_serial_rivers_small_3
D:5:      layout_loops_ring, nicolae_ru_great_annihilating_truth,
          temple_fountains, uniq_grinder
D:6:      layout_basic, grunt_temple_overflow_open, serial_shops,
          nicolae_square_shop, item_on_display_a, uniq_sigmund, uniq_edmund
D:7:      layout_loops_corners, nrook_mini_vaults, minmay_gold_behind_fungi,
          uniq_maggie, uniq_duvessa, uniq_joseph
D:8:      layout_basic, david_lair_generic, ebering_ghost_reflecting_pool
D:9:      layout_gridville, mainiacjoe_overflow_surrounded_room,
          corexii_checkpoint_a, hangedman_decor_opposing
D:10:     minmay_the_grid_octo_triangle [minmay_the_grid_octo_clover_2,
          minmay_the_grid_octo_prize_big_c, minmay_the_grid_octo_focus],
          layout_rooms, kennysheep_generic_room_7
D:11:     cheibrodos_grave_circle, layout_irregular_city,
          kennysheep_minor_cross, chequers_avenue, minivault_8
D:12:     layout_basic, minmay_orc_entry_guard_dogs, uniq_snorg
D:13:     layout_irregular_city, grunt_vaults_entry_fortified,
          minmay_misc_feat_roman, uniq_maurice, uniq_josephine
D:14:     layout_roguey, special_room [special_room_mythical_zoo],
          serial_park_gazebo [serial_park_minivault_5x5_2], fedhas_altar_3,
          uniq_agnes
D:15:     grunt_enter_depths_hoard, layout_basic, nrook_uturn,
          nicolae_nh_oracle_at_delphi
Temple:   nicolae_temple_superstar
Lair:1:   layout_roguey, basic_altar, infiniplex_staircase_pool,
          lemuel_fruit_tree
Lair:2:   layout_cave_pods, gauntlet_entry_generic,
          hellmonk_guarded_unrand_vines, grunt_megastairs_2
Lair:3:   layout_chaotic_city, minmay_shoals_entry_hut,
          nicolae_snake_entry_warm_welcome, columned_hall_lemuel,
          nicolae_lair_lil_pond, nicolae_quartered_pool_impasse,
          grunt_megastairs_5
Lair:4:   gammafunk_indiana_jones, layout_regular_city,
          nicolae_slime_entry_slimehenge, portal_ice_cave_demonic_guard,
          hibernation_bobbens
Lair:5:   minmay_lair_end_enchanted_forest, layout_cave_pods,
          serial_bayou_pond_d, uniq_urug
Shoals:1: layout_shoals, hellmonk_ghost_happy_afterlife, hangedman_shoal_volcano
Shoals:2: layout_shoals, uniq_ilsuiw
Shoals:3: layout_shoals, serial_shops, nicolae_shop_overgrown_old_shop
Shoals:4: shoals_end_simple, layout_shoals, shoals_ilsuiw_alternative,
          serial_shops, shop, amcnicky_altar_lugonu_corruption
Orc:1:    layout_caves, nicolae_shop_clearance, uniq_erica
Orc:2:    grunt_orc_community_town_hall, layout_diamond_mine,
          grunt_orc_community_big_house_1, grunt_orc_community_big_house_2,
          grunt_orc_community_house_3, grunt_orc_community_house_3,
          grunt_orc_community_house_1, grunt_orc_community_house_2,
          minmay_orc_temple_a
Elf:1:    layout_gridlike, gammafunk_ghost_ooze, enter_trove_1, minivault_28,
          grunt_ministairs_2, minivault_14
Elf:2:    nicolae_elf_blades_crystal_corner, layout_gridlike, corner_web_ring,
          hangedman_elf_simple_split, uniq_louise, uniq_jorgrun, uniq_azrael
Elf:3:    grunt_elf_hall_diamonds, layout_geoelf_castle, serial_shops,
          nicolae_shop_advertising_works [nicolae_subvault_shop_adworks]

Skill      XL: |  1  2  3  4  5  6  7  8  9 10 11 12 13 14 15 16 17 18 |
---------------+-------------------------------------------------------+-----
Spellcasting   | 5 6 8 10 12 14 16 18 20 21 23 24 26 27 | 27.0
Fighting       | 1 2 3 4 6 7 8 |  8.3
Armour         | 1 2 3 4 5 6 7 8 |  8.1
Conjurations   | 2 3 4 5 7 8 9 11 12 13 14 15 16 17 | 17.4
Stealth        | 3 |  3.0
Dodging        | 3 |  3.0
Fire Magic     | 1 2 3 4 6 7 9 10 11 12 14 15 16 | 16.7
Evocations     | 1 |  1.1
Air Magic      | 1 |  1.2
Poison Magic   | 1 |  1.3
Ice Magic      | 1 |  1.1
Shields        | 1 4 6 |  6.5
Earth Magic    | 1 |  1.0
Necromancy     | 2 4 |  4.0
Summonings     | |  1.1
Translocations | |  1.1

Action                     |  1- 3 |  4- 6 |  7- 9 | 10-12 | 13-15 | 16-18 || total
---------------------------+-------+-------+-------+-------+-------+-------++-------
  Melee: Dagger            |     1 |       |       |       |       |       ||     1
         Staff             |       |    11 |    97 |       |     5 |     8 ||   121
         Punch             |       |     1 |     3 |     1 |       |     1 ||     6
         Whip              |       |       |     4 |       |       |       ||     4
         Demon whip        |       |       |       |    42 |       |       ||    42
   Cast: Magic Dart        |   107 |    78 |   188 |    16 |     4 |     5 ||   398
         Mephitic Cloud    |       |     6 |    40 |    36 |     8 |     1 ||    91
         Call Imp          |       |     4 |    17 |     4 |     1 |       ||    26
         Blink             |       |       |     2 |     4 |     5 |     1 ||    12
         Shock             |       |       |    98 |    12 |       |       ||   110
         Foxfire           |       |       |       |   164 |     1 |       ||   165
         Flame Wave        |       |       |       |    25 |     1 |       ||    26
         Fireball          |       |       |       |    94 |   382 |   415 ||   891
         Hailstorm         |       |       |       |    12 |    14 |       ||    26
         Starburst         |       |       |       |       |    35 |    23 ||    58
         Freezing Cloud    |       |       |       |       |     3 |     3 ||     6
         Iron Shot         |       |       |       |       |       |    77 ||    77
         Orb of Destructio |       |       |       |       |       |     7 ||     7
  Evoke: Wand              |       |       |       |     2 |     4 |     2 ||     8
    Use: Scroll            |       |       |       |    15 |    14 |     2 ||    31
         Potion            |       |       |       |       |       |     1 ||     1
   Stab: Sleeping          |     1 |       |       |       |       |       ||     1
         Confused          |       |     3 |    10 |     3 |       |       ||    16
         Distracted        |       |       |       |       |       |     1 ||     1
 Armour: Robe              |     5 |    11 |    42 |       |    12 |    25 ||    95
         Steam dragon scal |       |       |       |    36 |     5 |       ||    41
         Ring mail         |       |       |       |       |     1 |       ||     1
  Dodge: Dodged            |    12 |    12 |   117 |   122 |    50 |    56 ||   369
  Block: Other             |       |       |       |       |       |     3 ||     3
         Buckler           |       |       |       |       |       |    10 ||    10
         Reflection        |       |       |       |       |       |     3 ||     3

Table legend: (Time is in decaauts)
 A = Elapsed time spent in this place.
 B = Non-inter-level travel time spent in this place.
 C = Inter-level travel time spent in this place.
 D = Time resting spent in this place.
 E = Time spent auto-exploring this place.
 F = Levels seen in this place.
 G = Mean time per level.
                   A        B        C        D        E       F      G
               +--------+--------+--------+--------+--------+-----+--------+
         Total |  41457 |  38941 |   2516 |   4266 |  28990 |  32 | 1295.5 |
       Dungeon |  20173 |  18429 |   1744 |   1897 |  13609 |  15 | 1344.9 |
        Temple |    171 |    154 |     17 |      0 |     38 |   1 |  171.0 |
          Lair |   6972 |   6626 |    346 |    653 |   5266 |   5 | 1394.4 |
        Shoals |   5473 |   5364 |    109 |    397 |   4465 |   4 | 1368.2 |
  Orcish Mines |   2228 |   2111 |    117 |    287 |   1546 |   2 | 1114.0 |
   Elven Halls |   4974 |   4794 |    180 |   1018 |   3204 |   3 | 1658.0 |
      Ice Cave |    890 |    890 |      0 |      0 |    709 |   1 |  890.0 |
      Gauntlet |    572 |    572 |      0 |     14 |    152 |   1 |  572.0 |
               +--------+--------+--------+--------+--------+-----+--------+

Top non-repeatable levels by time:
   Elf:2: 2388 daAuts
  Lair:4: 1939 daAuts
     D:8: 1932 daAuts
     D:7: 1852 daAuts
   Elf:1: 1731 daAuts
     D:6: 1651 daAuts
Shoals:1: 1596 daAuts
  Lair:5: 1581 daAuts
  Lair:3: 1534 daAuts
    D:10: 1518 daAuts
    D:12: 1463 daAuts
Shoals:2: 1455 daAuts
    D:13: 1451 daAuts
     D:9: 1445 daAuts
    D:11: 1409 daAuts
